Unix NetHack Version 5.0.0-0 post-release - last build May 17 2026 04:57:42 (dc50c8380fa5e20985bfe3072449f57b8d9895ef,branch:main).

Game began 2026-05-19 18:36:00, ended 2026-05-19 18:49:01.

Eymerich, chaotic male elven Priest

 ------------
 |=%...[+)?.|
 |*[..(..!..|
 |.%+!......|
 |%[!%...*.(|
 |.?f....!.@|        -----
 |m@.....!+*-####### |..<.
 ------------      # |...|                     |
                   ##.....         ......r.....|
                     -----          ------------

Eymerich the Aspirant        St:13 Dx:12 Co:12 In:9 Wi:18 Ch:12  Chaotic
Dlvl:3  $:0  HP:0(19) Pw:19(19) AC:8  Xp:2 T:982 

Latest messages:
 "For you, most gracious hir; only 45 zorkmids per food ration."
 R - 2 food rations (unpaid, 90 zorkmids).
 You bought 2 food rations for 90 gold pieces.
 "Thank you for shopping in Asidonhopo's general store!"
 You see here a pink potion (for sale, 200 zorkmids).
 You see here a splint mail (for sale, 80 zorkmids).
 You stop.  Puffa is in the way!
 You see here a spellbook of detect monsters (for sale, 100 zorkmids).
 You stop.  Puffa is in the way!
 You see here a black gem (for sale, 2500 zorkmids).
 You see here a splint mail (for sale, 80 zorkmids).
 You see here a pink potion (for sale, 200 zorkmids).
 Puffa picks up a pink potion.
 You see here a scroll labeled VELOX NEB (for sale, 300 zorkmids).
 Puffa drops a pink potion.
 You stop.  Puffa is in the way!
 Puffa picks up a black gem.
 You stop.  Puffa is in the way!
 You see here a pink potion (for sale, 200 zorkmids).
 You see here a pink potion (for sale, 200 zorkmids).
 You see here a spellbook of detect monsters (for sale, 100 zorkmids).
 You see here a black gem (for sale, 2500 zorkmids).
 Puffa drops a black gem.
 You stop.  Puffa is in the way!
 You stop.  Puffa is in the way!
 You see here a splint mail (for sale, 80 zorkmids).
 Puffa picks up a bubbly potion.
 You see here a black gem (for sale, 2500 zorkmids).
 You stop.  Puffa is in the way!
 You see here an orange potion (for sale, 150 zorkmids).
 Puffa drops a bubbly potion.
 You see here a fortune cookie (for sale, 7 zorkmids).
 You see here a scroll labeled PHOL ENDE WODAN (for sale, 50 zorkmids).
 That strange object is a small mimic!
 You hit the small mimic!
 Puffa picks up a fortune cookie.
 You miss the small mimic.
 The small mimic hits!
 You hit the small mimic.
 You miss the small mimic.
 The small mimic hits!
 You miss the small mimic.
 You miss the small mimic.
 You miss the small mimic.
 You miss the small mimic.
 The small mimic hits!
 You die...
 Asidonhopo comes and takes all your possessions.
 Do you want to see what you had when you died? [ynq] (y)
 Do you want to see your attributes? [ynq] (y)

Inventory:
 Weapons  (')')
  k - 2 +0 darts
  r - a +0 orcish dagger
  a - a blessed +1 mace (weapon in right hand)
 Armor    ('[')
  s - a +0 orcish helm (being worn)
  Q - a +0 pair of leather gloves (being worn)
  b - a +0 robe
 Comestibles  ('%')
  e - a clove of garlic
  R - 2 food rations
  f - 2 sprigs of wolfsbane
  q - a tripe ration
 Scrolls  ('?')
  j - a scroll of light
 Potions  ('!')
  u - a potion of booze
  x - a potion of see invisible
  d - 4 potions of holy water

Eymerich the Priest's attributes:

Background:
 You were an Aspirant, a level 2 elven Priest.
 You were chaotic, on a mission for Anhur
 who was opposed by Ptah (lawful) and Thoth (neutral).
 You were right-handed.
 You were in the Dungeons of Doom, on level 3.
 You entered the dungeon 982 turns ago.
 There was a new moon in effect when your adventure ended.
 You had 28 experience points, 12 more were needed to attain level 3.

Basics:
 You had 0 out of 19 hit points.
 You had all 19 energy points (spell power).
 Your armor class was 8.
 Your wallet was empty.
 Autopickup was off.

Final Characteristics:
 Your strength was 13 (limit:18).
 Your dexterity was 12 (limit:18).
 Your constitution was 12 (limit:16).
 Your intelligence was 9 (limit:20).
 Your wisdom was 18 (limit:20).
 Your charisma was 12 (limit:18).

Final Status:
 You weren't hungry.
 You were unencumbered.
 You were wielding a mace.
 You had basic skill with mace.

Final Attributes:
 You were fervently aligned.
 You had infravision.
 You are dead.

Miscellaneous:
 You didn't encounter any bones levels.
 Total elapsed playing time was 12 minutes and 58 seconds.

Major events:
 Turn
    1: Eymerich the chaotic elven Priest entered the dungeon
  779: found Grimtooth in a shop
  982: killed by a small mimic

Spells:
 Name                 Level Category     Fail Retention
 detect monsters        1   divination     9%  76%-100%
 remove curse           3   clerical      43%  91%-100%

Skills:
 Fighting Skills
   bare handed combat [Unskilled]
 Weapon Skills
   club               [Unskilled]
   mace               [Basic]
   morning star       [Unskilled]
   flail              [Unskilled]
   hammer             [Unskilled]
   quarterstaff       [Unskilled]
   polearms           [Unskilled]
   spear              [Unskilled]
   trident            [Unskilled]
   lance              [Unskilled]
   bow                [Unskilled]
   sling              [Unskilled]
   crossbow           [Unskilled]
   dart               [Unskilled]
   shuriken           [Unskilled]
   boomerang          [Unskilled]
   unicorn horn       [Unskilled]
 Spellcasting Skills
   healing spells     [Unskilled]
   divination spells  [Unskilled]
   clerical spells    [Basic]

Voluntary challenges:
 Character rerolling was not enabled.
 You were an atheist.
 You were illiterate.
 You never genocided any monsters.
 You never polymorphed an object.
 You never changed form.
 You used no wishes.
Achievement:
 You entered a shop.

 The Dungeons of Doom: levels 1 to 3
    Level 1:
    Level 2:
       An altar.
    Level 3: <- You were here.
       A general store.
       Final resting place for
          you, killed by a small mimic.


Vanquished creatures:
  2 jackals
  2 foxes
  a kobold
  2 goblins
  3 grid bugs
  a lichen
  2 kobold zombies
  2 newts
15 creatures vanquished.

No species were genocided or became extinct.

Game over:
                       ----------
                      /          \
                     /    REST    \
                    /      IN      \
                   /     PEACE      \
                  /                  \
                  |     Eymerich     |
                  |       0 Au       |
                  |   killed by a    |
                  |   small mimic    |
                  |                  |
                  |                  |
                  |       2026       |
                 *|     *  *  *      | *
        _________)/\\_//(\/(/\)/\//\/|_)_______

Goodbye Eymerich the Priest...

You died in The Dungeons of Doom on dungeon level 3 with 212 points,
and 0 pieces of gold, after 982 moves.
You were level 2 with a maximum of 19 hit points when you died.

